 Dungeon Crawl Stone Soup version 0.32-a0-975-g85d4e5bfdb (webtiles) character file.

Game seed: 4730907734168496423

6910 Pooter the Basher (level 10, -2/81 (93) HPs)
             Began as a Minotaur Monk on Apr 19, 2024.
             Was a High Priest of Okawaru.
             Killed from afar by Josephine (18 damage)
             ... with a ghostly fireball
             ... on level 10 of the Dungeon.
             The game lasted 00:45:20 (8597 turns).

Pooter the Basher (Minotaur Monk)                   Turns: 8597, Time: 00:45:20

HP:   -2/81 (93)    AC: 19    Str: 20    XL:     10   Next: 79%
MP:   15/15         EV:  6    Int:  7    God:    Okawaru [*****.]
Gold: 551           SH:  9    Dex: 13    Spells: 9/9 levels left

rFire   + . .        a - +3 hammer of Absolution {heavy, rCorr SInv}
rCold   . . .        j - +0 kite shield
rNeg    . . .        r - +0 plate armour
rPois   .            (helmet restricted)
rElec   .            k - +2 cloak {Will+}
rCorr   +            (no gloves)
SInv    +            (no boots)
Will    +....        D - amulet of regeneration Stlth
                     F - ring of protection from fire
HPRegen 1.13/turn    C - +4 ring of protection
MPRegen 0.14/turn

%: no passive effects
@: heroic, slowed, heavily drained, very slow
A: horns 2, retaliatory headbutt
a: Renounce Religion, Heroism, Finesse, Duel


You were on level 10 of the Dungeon.
You worshipped Okawaru.
Okawaru was extremely pleased with you.
You visited 2 branches of the dungeon, and saw 11 of its levels.

You collected 551 gold pieces.

Inventory:

Hand Weapons
 a - the +3 hammer of Absolution (weapon) {heavy, rCorr SInv}
   (You found it on level 2 of the Dungeon)

   SInv:      It lets you see invisible.
   rCorr:     It protects you from acid and corrosion.
 p - a +0 hand axe
 w - a +0 morningstar
   (You took it off an orc on level 5 of the Dungeon)
 B - a +2 flail of holy wrath
   (You took it off Edmund on level 4 of the Dungeon)
 G - a +0 war axe
   (You took it off an orc on level 7 of the Dungeon)
Missiles
 n - 31 poisoned darts (quivered)
 x - 8 boomerangs
 y - a throwing net {!f}
 J - 2 curare-tipped darts
 Q - 92 stones
Armour
 d - an orb of light
 j - a +0 kite shield (worn)
   (You found it on level 2 of the Dungeon)
 k - a +2 cloak of willpower (worn)
   (You took it off Crazy Yiuf on level 2 of the Dungeon)
 r - a +0 plate armour (worn)
   (You took it off an orc warrior on level 10 of the Dungeon)
Jewellery
 h - a ring of ice
   (You found it on level 2 of the Dungeon)
 C - a +4 ring of protection (right hand)
   (You found it on level 3 of the Dungeon)
 D - an amulet of regeneration (around neck)
   (You found it on level 5 of the Dungeon)
 F - a ring of protection from fire (left hand)
   (You found it on level 4 of the Dungeon)
Wands
 f - a wand of flame (22)
   (You found it on level 8 of the Dungeon)
 u - a wand of paralysis (5)
   (You found it on level 6 of the Dungeon)
 I - a wand of light (8)
   (You took it off Maurice on level 7 of the Dungeon)
 M - a wand of polymorph (3)
   (You found it on level 9 of the Dungeon)
Scrolls
 g - 2 scrolls of fog
 m - 2 scrolls of enchant weapon
 o - 5 scrolls of amnesia
 t - 4 scrolls of teleportation {@r4}
 A - a scroll of blinking
 E - 2 scrolls of brand weapon
Potions
 b - 2 potions of enlightenment
 c - a potion of ambrosia
 e - 3 potions of curing {@q1}
 l - 2 potions of magic {unknown}
 q - a potion of invisibility {unknown}
 s - 2 potions of lignification {!q}
 v - 2 potions of berserk rage
 z - a potion of might
 H - 2 potions of cancellation {unknown}
 K - a potion of brilliance {unknown}
 L - a potion of attraction {!q}


   Skills:
 + Level 10.2(15.2) Fighting
 + Level 7.8(16.2) Axes
 * Level 12.5(18.4) Maces & Flails
 - Level 3.2(8.2) Dodging
 * Level 8.1 Invocations


You had 9 spell levels left.
You didn't know any spells.
Your spell library contained the following spells:

 Spells                   Type           Power      Damage    Failure   Level
 Shock                    Conj/Air       0%         1d3       100%        1
 Scorch                   Fire           0%         2d5       100%        2
 Maxwell's Portable Pile  Tloc           0%         2d(5-13)  100%        3
 Swiftness                Air            0%         N/A       100%        3
 Airstrike                Air            0%         2d(0-16)  100%        4
 Dimensional Bullseye     Hex/Tloc       0%         N/A       100%        4
 Flame Wave               Conj/Fire      0%         2d4       100%        4
 Iskenderun's Mystic Bla Conj/Tloc 0%             2d3        (+2d1     100%        4
 Magnavolt                Erth/Air       0%         3d9       100%        7
 Maxwell's Capacitive Co  Air            0%         ∞         100%        8
 Chain Lightning          Conj/Air       0%         N/A       100%        9
 Fire Storm               Conj/Fire      0%         5d1       100%        9
 Shatter                  Erth           0%         3d5*      100%        9
 Tukima's Dance           Hex            Unusable   N/A       N/A         3
 Summon Cactus Giant      Summ           Unusable   N/A       N/A         6

Dungeon Overview and Level Annotations

Branches:
Dungeon (10/15) Zot: 26515  Temple (1/1) D:4 Zot: 5916
   Lair: D:8-11         Orc: D:9-12

Altars:
Ashenzari
Cheibriados
Dithmenos
Elyvilon
Fedhas
Gozag
Hepliaklqana
Kikubaaqudgha
Makhleb
Nemelex Xobeh
Okawaru
Qazlal
Ru
Sif Muna
Trog
Uskayaw
Vehumet
Wu Jian
Xom
Yredelemnul
Zin
The Shining One
Beogh

Shops:
D:4 *

Annotations:
D:2 Natasha
D:6 1 runed translucent door
D:10 Josephine


Innate Abilities, Weirdness & Mutations

You have a pair of horns on your head.
You reflexively headbutt those who attack you in melee.


Message History

The ghostly fireball engulfs the wraith.
The wraith completely resists.
The ghostly fireball engulfs you!!
You feel drained. The wraith hits you.
You hit the wraith but do no damage. You headbutt the wraith!
You feel yourself speed up. The wraith hits you! You block the wraith's attack.
You are too injured to fight recklessly!
You are too injured to fight recklessly!
You are too injured to fight recklessly!
You are too injured to fight recklessly!
You are too injured to fight recklessly!
You are too injured to fight recklessly!
You closely miss the wraith. You block the wraith's attack.
You sock the wraith! The wraith hits you. The wraith drains your vigour!
You feel yourself slow down.
You closely miss the wraith. Your headbutt misses the wraith.
The wraith hits you. The wraith drains your vigour!
You feel as though you will be slow longer.
The wraith hits you but does no damage.
You hit the wraith but do no damage. The wraith hits you but does no damage.
You block the wraith's attack.
You hit the wraith but do no damage. Your headbutt misses the wraith.
The wraith barely misses you. You furiously retaliate!
You headbutt the wraith! The wraith hits you. The wraith drains your vigour!
You feel as though you will be slow longer.
You bludgeon the wraith!!
You destroy the wraith!
Okawaru accepts your kill.
Your life force feels restored.
You hit Josephine but do no damage.
Josephine hits you with a +1 dagger of draining.
* * * LOW HITPOINT WARNING * * *
You feel drained.
* * * LOW HITPOINT WARNING * * *
Josephine hits you but does no damage.
You feel drained.
You bludgeon Josephine!! You headbutt Josephine. Josephine barely misses you.
Josephine points at you and mumbles some strange words.
The ghostly flame explodes!
The ghostly fireball engulfs you!!
You feel drained.
* * * LOW HITPOINT WARNING * * *
The ghostly fireball engulfs Josephine.
Josephine completely resists.
You hit Josephine.
Josephine hits you with a +1 dagger of draining!
* * * LOW HITPOINT WARNING * * *
You feel drained.
* * * LOW HITPOINT WARNING * * *
Josephine gestures at you while chanting.
The ghostly flame explodes!
The ghostly fireball engulfs you!!
You feel drained.
You die...

.# .###### ###+##
......### #....#
........# #....#
......#.# #....#
......#.####....#
......#...##....#
....>.###)##....####.#
......# #..'....@@W..#
......# ####....######
.###### ###+## .## #.#
..# #.# #.# #.# #.#
#.# #.## #.#
#######+### ...#
#.########.........#


You could see Josephine and a wraith.

Vanquished Creatures
  A two-headed ogre (D:9)
  A deep elf pyromancer (D:9)
  Maurice (D:7)
  The ghost of retardedninja the Trooper, a novice MDFi (D:6)
  A gargoyle (D:9)
  2 trolls
  3 wraiths (D:10)
  2 shadows (D:10)
  A vampire (D:10)
  A yak (D:9)
  Edmund (D:4)
  2 acid dragons
  Duvessa (D:4)
  An orc warrior (D:10)
  A sky beast (D:8)
  3 black bears
  2 ogres
  2 centaurs (D:9)
  A phantom (D:7)
  4 kobold brigands
  5 bullfrogs
  2 gnoll sergeants
  2 scorpions
  5 wights (D:10)
  Dowan (D:4)
  A killer bee (D:9)
  4 howler monkeys
  A hound (D:6)
  3 jellies
  Crazy Yiuf (D:2)
  2 orc priests
  4 iguanas
  Natasha (twice) (D:2)
  7 orc wizards
  13 gnolls
  2 adders
  2 river rats (D:6)
  A white imp (D:8)
  2 dart slugs
  A ribbon worm (D:6)
  48 orcs
  2 ball pythons
  4 endoplasms
  3 giant cockroaches
  8 hobgoblins
  4 jackals (D:5)
  23 kobolds
  3 quokkas
  3 bats (D:3)
  2 frilled lizards
  A goblin (D:2)
  4 rats
198 creatures vanquished.

Notes
Turn   | Place    | Note
-------+----------+-------------------------------------------
     0 | D:1      | Pooter the Minotaur Monk began the quest for the Orb.
     0 | D:1      | Reached XP level 1. HP: 19/19 MP: 0/0
   295 | D:1      | Reached XP level 2. HP: 27/27 MP: 1/1
   786 | D:2      | Noticed Natasha
   791 | D:2      | Killed Natasha
   792 | D:2      | Reached XP level 3. HP: 24/34 MP: 2/2
   867 | D:2      | Reached skill level 5 in Axes
  1168 | D:2      | Noticed Natasha
  1175 | D:2      | Killed Natasha
  1176 | D:2      | Reached XP level 4. HP: 8/41 MP: 3/3
  1183 | D:2      | Noticed Natasha
  1703 | D:2      | Found a runed translucent door.
  1704 | D:2      | Noticed Crazy Yiuf
  1919 | D:2      | Killed Crazy Yiuf
  1929 | D:2      | Identified the +3 hammer of Absolution {heavy, rCorr SInv}
  2197 | D:3      | You fall into a shaft and drop 3 floors!
  2208 | D:6      | Reached skill level 5 in Fighting
  2208 | D:6      | Reached skill level 1 in Maces & Flails
  2208 | D:6      | Reached XP level 5. HP: 42/48 MP: 4/4
  2216 | D:6      | Noticed a black bear
  2242 | D:6      | Killed a black bear
  2243 | D:6      | Reached skill level 3 in Maces & Flails
  2277 | D:6      | Noticed an ogre
  2280 | D:6      | Killed an ogre
  2281 | D:6      | Reached skill level 4 in Maces & Flails
  2281 | D:6      | Reached XP level 6. HP: 49/57 MP: 5/5
  2556 | D:5      | Entered Level 5 of the Dungeon
  2604 | D:5      | Reached skill level 5 in Maces & Flails
  2912 | D:5      | Reached XP level 7. HP: 56/64 MP: 6/6
  3165 | D:5      | Reached skill level 6 in Maces & Flails
  3557 | D:5      | Found a hide-covered altar of Uskayaw.
  3633 | D:4      | Noticed Duvessa
  3633 | D:4      | Noticed Dowan
  3649 | D:4      | Killed Duvessa
  3650 | D:4      | Reached skill level 7 in Maces & Flails
  3651 | D:4      | Killed Dowan
  4775 | D:4      | Found Jimeuc's General Store.
  4801 | D:4      | Reached XP level 8. HP: 70/73 MP: 7/7
  4823 | D:4      | Noticed Edmund
  4832 | D:4      | Killed Edmund
  4833 | D:4      | Reached skill level 8 in Maces & Flails
  4849 | D:4      | Found a staircase to the Ecumenical Temple.
  4859 | Temple   | Entered the Ecumenical Temple
  4905 | Temple   | Became a worshipper of Warmaster Okawaru
  4905 | Temple   | Reached * piety under Okawaru
  4905 | Temple   | Reached ** piety under Okawaru
  5557 | D:6      | Found a runed translucent door.
  5573 | D:6      | Reached skill level 1 in Invocations
  5587 | D:6      | Noticed retardedninja's ghost (novice MDFi)
  5599 | D:6      | Killed retardedninja's ghost
  5630 | D:6      | Found a runed translucent door.
  5808 | D:6      | Reached skill level 9 in Maces & Flails
  5858 | D:7      | Noticed Maurice
  5863 | D:7      | Maurice stole a +0 hand axe
  5871 | D:7      | Killed Maurice
  5947 | D:7      | Reached XP level 9. HP: 82/82 MP: 11/11
  6256 | D:7      | Reached skill level 10 in Maces & Flails
  6734 | D:8      | Reached skill level 5 in Invocations
  6873 | D:8      | Reached *** piety under Okawaru
  7272 | D:9      | Found a glowing silver altar of Zin.
  7284 | D:9      | Noticed a troll
  7291 | D:9      | Killed a troll
  7438 | D:9      | Reached skill level 11 in Maces & Flails
  7594 | D:9      | Noticed a gargoyle
  7605 | D:9      | Killed a gargoyle
  7605 | D:9      | Reached **** piety under Okawaru
  7608 | D:9      | Reached XP level 10. HP: 48/91 MP: 13/13
  7652 | D:9      | Noticed a deep elf pyromancer
  7676 | D:9      | Killed a deep elf pyromancer
  7918 | D:9      | Found an ornate altar of the Wu Jian Council.
  7920 | D:9      | Noticed a two-headed ogre
  7924 | D:9      | Killed a two-headed ogre
  8017 | D:9      | Found an opulent altar of Gozag.
  8021 | D:9      | Found an ancient bone altar of Kikubaaqudgha.
  8022 | D:9      | Found a radiant altar of Vehumet.
  8024 | D:9      | Found a shadowy altar of Dithmenos.
  8024 | D:9      | Found a bloodstained altar of Trog.
  8025 | D:9      | Found a blossoming altar of Fedhas.
  8138 | D:10     | Entered Level 10 of the Dungeon
  8182 | D:10     | Reached ***** piety under Okawaru
  8183 | D:10     | Reached skill level 12 in Maces & Flails
  8358 | D:10     | Found a roughly hewn altar of Beogh.
  8362 | D:10     | Reached skill level 10 in Fighting
  8584 | D:10     | Noticed Josephine
  8597 | D:10     | Killed from afar by Josephine

Illustrated notes

Levels and vault maps discovered:
D:1:      lemuel_arrival_rhombus, layout_loops_ring,
          chequers_serial_rivers_large_a
D:2:      layout_basic, uniq_crazy_yiuf_cottage, uniq_natasha
D:3:      layout_loops_corners, chequers_serial_rivers_micro_e,
          kennysheep_generic_room_4
D:4:      layout_cave_pools, minmay_temple_entry_trees, serial_shops, shop,
          minmay_misc_feat_ornament, uniq_edmund, uniq_duvessa
D:5:      layout_basic, mainiacjoe_overflow_cross_hatched
D:6:      layout_loops_ring, ebering_ghost_sewer_f
D:7:      layout_basic, amethyst_killhole, nicolae_water_bricks, uniq_maurice
D:8:      layout_rooms
D:9:      layout_roguey, nicolae_overflow_hallway_of_the_gods,
          mainiacjoe_overflow_boulevard, minmay_chambers_of_fives
D:10:     layout_roguey [special_room_orc], uniq_josephine, uniq_maggie
Temple:   oiseaux_autumnal_temple

Skill      XL: |  1  2  3  4  5  6  7  8  9 10 |
---------------+-------------------------------+-----
Fighting       | 4 5 6 7 8 9 10 | 10.2
Axes           | 4 5 6 7 |  7.8
Maces & Flails | 1 4 5 7 9 11 12 | 12.5
Invocations    | 4 6 8 |  8.1
Dodging        | |  3.2

Action                     |  1- 3 |  4- 6 |  7- 9 | 10-12 || total
---------------------------+-------+-------+-------+-------++-------
  Melee: Hand axe          |    41 |     8 |       |       ||    49
         Headbutt          |     5 |     6 |    37 |    27 ||    75
         Mace              |       |    54 |   215 |    99 ||   368
  Throw: Dart              |       |     4 |    10 |       ||    14
         Stone             |       |     3 |       |       ||     3
 Invoke: Heroism           |       |       |     3 |     5 ||     8
  Evoke: Wand              |       |       |     8 |     2 ||    10
    Use: Scroll            |     5 |     1 |     9 |     2 ||    17
         Potion            |       |     1 |       |       ||     1
   Stab: Paralysed         |       |       |     8 |       ||     8
 Armour: Robe              |    17 |    32 |       |       ||    49
         Chain mail        |       |    33 |   215 |    56 ||   304
         Plate armour      |       |       |       |    38 ||    38
  Dodge: Dodged            |    24 |    41 |    66 |    31 ||   162
  Block: Kite shield       |       |       |    98 |    49 ||   147

Table legend: (Time is in decaauts)
 A = Elapsed time spent in this place.
 B = Non-inter-level travel time spent in this place.
 C = Inter-level travel time spent in this place.
 D = Time resting spent in this place.
 E = Time spent auto-exploring this place.
 F = Levels seen in this place.
 G = Mean time per level.
                   A        B        C        D        E       F      G
               +--------+--------+--------+--------+--------+-----+--------+
         Total |   8787 |   8535 |    252 |   1699 |   4779 |  11 |  798.8 |
       Dungeon |   8703 |   8487 |    216 |   1699 |   4779 |  10 |  870.3 |
        Temple |     83 |     47 |     36 |      0 |      0 |   1 |   83.0 |
               +--------+--------+--------+--------+--------+-----+--------+

Top non-repeatable levels by time:
     D:2: 1363 daAuts
     D:5: 1313 daAuts
     D:3: 1090 daAuts
     D:9: 1033 daAuts
     D:6: 867 daAuts
     D:7: 833 daAuts
     D:1: 682 daAuts
     D:4: 535 daAuts
     D:8: 499 daAuts
    D:10: 483 daAuts
  Temple: 83 daAuts
